 Dungeon Crawl Stone Soup version 0.26.1-2-gb8aa6d0cf2 (webtiles) character file.

Game seed: 15145126578680483101

56 Hybris2 the Stinger (level 3, -3/21 HPs)
             Began as an Octopode Venom Mage on Feb 10, 2021.
             Slain by a gnoll
             ... wielding a +0 whip
              (10 damage)
             ... on level 2 of the Dungeon.
             The game lasted 00:11:11 (1513 turns).

Hybris2 the Stinger (Octopode Venom Mage)           Turns: 1513, Time: 00:11:11

Health: -3/21      AC:  1    Str:  7    XL:     3   Next: 95%
Magic:  6/6        EV: 13    Int: 18    God:
Gold:   49         SH:  0    Dex: 12    Spells: 0/6 levels left

rFire    . . .     SeeInvis .   a - +0 dagger (drain)
rCold    . . .     Faith    .   (no shield)
rNeg     . . .     Spirit   .   (helmet restricted)
rPois    .         Reflect  .   (no amulet)
rElec    .         Harm     .   (no ring)
rCorr    .         Rampage  .   (no ring)
Will     .....                  (no ring)
Stlth    +++.......             (no ring)
HPRegen  0.07/turn              (no ring)
MPRegen  0.10/turn              (no ring)
                                (no ring)
                                (no ring)

@: no status effects
A: almost no armour, stealthy swim, amphibious, 8 rings, constrict 8, camouflage
1, gelatinous body 1
a: no special abilities


You were on level 2 of the Dungeon.
You visited 1 branch of the dungeon, and saw 2 of its levels.

You collected 49 gold pieces.

Inventory:

Hand Weapons
 a - a +0 dagger of draining (weapon)
Scrolls
 b - a scroll of identify {unknown}
Potions
 c - 2 potions of curing {unknown}
 d - 2 potions of brilliance {unknown}
 e - a potion of attraction {unknown}
 f - a potion of haste {unknown}


   Skills:
 - Level 2.0 Dodging
 - Level 2.6 Stealth
 + Level 2.2 Spellcasting
 - Level 1.0 Transmutations
 * Level 5.5 Poison Magic


You couldn't memorise any spells.
You knew the following spells:

 Your Spells              Type           Power        Failure   Level
a - Sting                 Tmut/Pois      52%          4%          1
b - Poisonous Vapours     Pois/Air       22%          9%          2
c - Mephitic Cloud        Conj/Pois/Air  8%           26%         3

Your spell library contained the following spells:

 Spells                   Type           Power        Failure   Level
 Olgreb's Toxic Radiance  Pois           21%          19%         4
 Ignite Poison            Fire/Tmut/Pois 9%           22%         3


Dungeon Overview and Level Annotations

Branches:
Dungeon (2/15)

Altars:


Innate Abilities, Weirdness & Mutations

You cannot wear most types of armour.
You are very stealthy in the water. (Stealth+)
You are amphibious.
You can wear up to eight rings at the same time.
You can use your tentacles to constrict eight enemies at once.
Your skin changes colour to match your surroundings (Stealth+).
Your rubbery body absorbs attacks. (AC +1, EV +1)


Message History

A gnoll is nearby!
A kobold comes into view. It is wielding a +0 dagger.
The kobold shouts!
The kobold throws a stone.
The stone hits you.
You see here a stone.
The kobold throws a stone.
The stone closely misses you. The gnoll barely misses you.
The kobold throws a stone.
The stone misses you.
The gnoll shouts!
The hobgoblin shouts!
You hit the gnoll. Your grab misses the gnoll.
The gnoll is lightly wounded.
The gnoll hits you with a +0 whip!
You are too injured to fight recklessly!
The kobold throws a stone.
The stone hits you.
* * * LOW HITPOINT WARNING * * *
You see here a stone.
You see here a stone.
You see here a giant cockroach corpse.
There is a stone staircase leading down here.
The gnoll hits you with a +0 whip!
You die...

## .# #.# ..
.######.# #.##.#..
...# #.#(.#.###..#
#.#.##.#...(#
#.###.#.##.#....#
.......((..g..>.####
#.###.#.##.#g.#g.).#
#.#.##.#..K.@#.#
#.#.##.#...###.#
#.#g##.#...###†#
#.#.#..#.....#.#
#.#.#.##.#†#.#.#
#.#.#. #.#.#.#.#
#.#.#.#.# #
#.#.#.#.# #.
..#...#.#


You could see 2 gnolls, a hobgoblin and a kobold.

Vanquished Creatures
  A gnoll (D:2)
  An adder (D:2)
  A dart slug (D:1)
  2 leopard geckos (D:1)
  3 giant cockroaches
  4 goblins
  3 hobgoblins (D:2)
  2 jackals (D:2)
  3 kobolds
  6 bats (D:1)
  A frilled lizard (D:1)
  3 rats (D:1)
30 creatures vanquished.

Vanquished Creatures (others)
  A kobold (D:2)
1 creature vanquished.

Grand Total: 31 creatures vanquished

Notes
Turn   | Place    | Note
-------+----------+-------------------------------------------
     0 | D:1      | Hybris2 the Octopode Venom Mage began the quest for the
                  | Orb.
     0 | D:1      | Reached XP level 1. HP: 11/11 MP: 3/3
   190 | D:1      | Reached skill level 4 in Poison Magic
   396 | D:1      | Reached XP level 2. HP: 15/17 MP: 5/5
   664 | D:1      | Reached XP level 3. HP: 20/21 MP: 6/6
   667 | D:1      | Learned a level 2 spell: Poisonous Vapours
   671 | D:1      | Learned a level 3 spell: Mephitic Cloud
   815 | D:1      | Reached skill level 5 in Poison Magic
  1067 | D:2      | HP: 1/21 [bat (1)]
  1513 | D:2      | Slain by a gnoll

Illustrated notes

Levels and vault maps discovered:
D:1:      kennysheep_arrival_forest, layout_rooms
D:2:      layout_basic, grunt_qazlal_clouds, minmay_pentomino_w2, uniq_sigmund

Skill      XL: |  1  2  3 |
---------------+----------+-----
Poison Magic   | 4 5 |  5.5
Dodging        | |  2.0
Stealth        | |  2.6
Spellcasting   | |  2.2
Transmutations | |  1.0

Action                   || total
-------------------------++-------
Melee: Dagger            ||    57
       Constrict         ||     9
       Tentacles         ||     5
 Cast: Sting             ||     4
       Poisonous Vapours ||     2
       Mephitic Cloud    ||     1
 Stab: Sleeping          ||     7
Armor: Skin              ||     9
Dodge: Dodged            ||    48
